 Dungeon Crawl Stone Soup version 0.29-a0-284-gf9362112df (webtiles) character file.

Game seed: 4997245332679361694

210 Hubjo the Skirmisher (level 5, -20/43 HPs)
             Began as a Demonspawn Monk on Mar 29, 2022.
             Was an Initiate of Dithmenos.
             Demolished by an ogre
             ... wielding a +0 giant club
              (21 damage)
             ... on level 4 of the Dungeon.
             The game lasted 00:08:14 (5661 turns).

Hubjo the Skirmisher (Demonspawn Monk)              Turns: 5661, Time: 00:08:15

Health: -20/43     AC:  4    Str:  9      XL:     5   Next: 57%
Magic:  8/8        EV: 16    Int: 11 (12) God:    Dithmenos [......]
Gold:   161        SH:  5    Dex: 13      Spells: 8/8 levels left

rFire   + . .      SeeInvis .   a - +0 short sword
rCold   . . .      Faith    .   (no shield)
rNeg    . . .      Spirit   .   b - +0 robe
rPois   .          Reflect  +   (helmet restricted)
rElec   .          Harm     .   (no cloak)
rCorr   .          Rampage  .   (no gloves)
Will    .....      Rage     1%  (no boots)
Stlth   ++........              n - amulet of reflection
HPRegen 0.14/turn               m - +4 ring of evasion
MPRegen 0.11/turn               (no ring)

@: no status effects
A: antennae 1, thin metallic scales 1, spiny 1, berserk 1, clumsy 2,
deterioration 2, fire resistance 1, weak 1
a: Renounce Religion


You were on level 4 of the Dungeon.
You worshipped Dithmenos.
Dithmenos was noncommittal.
You visited 2 branches of the dungeon, and saw 5 of its levels.

You collected 161 gold pieces.

Inventory:

Hand Weapons
 a - a +0 short sword (weapon)
Armour
 b - a +0 robe (worn)
Jewellery
 m - a +4 ring of evasion (left hand)
 n - an amulet of reflection (around neck)
Scrolls
 g - a scroll of enchant armour {unknown}
 i - a scroll of immolation {unknown}
 j - a scroll of noise {unknown}
 l - 2 scrolls of identify {unknown}
Potions
 d - a potion of curing {unknown}
 e - 2 potions of brilliance {unknown}
 f - 2 potions of haste {unknown}
 h - 3 potions of invisibility {unknown}
 k - a potion of lignification {unknown}
 o - 2 potions of magic {unknown}


   Skills:
 + Level 4.5 Fighting
 - Level 2.6 Short Blades
 - Level 2.6 Dodging
 * Level 3.8 Stealth
 * Level 2.1 Spellcasting


You had 8 spell levels left.
You didn't know any spells.
Your spell library was empty.

Dungeon Overview and Level Annotations

Branches:
Dungeon (4/15)             Temple (1/1) D:4

Altars:
Ashenzari
Dithmenos
Fedhas
Gozag
Hepliaklqana
Kikubaaqudgha
Makhleb
Okawaru
Qazlal
Ru
Vehumet
Zin
Jiyva


Innate Abilities, Weirdness & Mutations

You have a pair of small antennae on your head.
You are partially covered in thin metallic scales. (AC +2)
You are partially covered in sharp spines.
You tend to lose your temper in combat.
You are very clumsy. (Dex -4)
Your body often deteriorates upon taking damage.
Your flesh is heat resistant. (rF+)
You are weak. (Str -2)


Message History

Found 14 stones.
There is an open door here.
An ogre comes into view. It is wielding a +0 giant club.
An ogre is nearby!
The ogre shouts!
You hit the ogre.
The ogre is lightly wounded.
The ogre barely misses you.
You hit the ogre but do no damage.
The ogre is lightly wounded.
The ogre is struck by your spines. The ogre hits you with a +0 giant club!
You closely miss the ogre.
The ogre is lightly wounded.
You hit the ogre but do no damage.
The ogre is lightly wounded.
The ogre is struck by your spines. The ogre hits you with a +0 giant club!
You are too injured to fight recklessly!
You are too injured to fight recklessly!
You are too injured to fight recklessly!
You are too injured to fight recklessly!
You hit the ogre.
The ogre is moderately wounded.
You hit the ogre.
The ogre is heavily wounded.
The ogre misses you.
You are confused.
You feel invigorated. The ogre misses you.
You hit the ogre.
The ogre is severely wounded.
You're too confused to move!
You feel less invigorated.
You feel less confused.
The ogre hits you with a +0 giant club!!
Ouch! That really hurt!
* * * LOW HITPOINT WARNING * * *
Your body deteriorates!
You feel dopey.
You hit the ogre.
The ogre is almost dead.
The ogre is struck by your spines.
The ogre hits you with a +0 giant club!!
You die...

####### #.....# #.....#
###### #.....# #....#
#.....# ##
#....####O....# .##
#....##..@....#
..######....##.#.....#
.......#....##.....#.#
.......#....##..##.# #
.......'.......><#.#
.......#...(##.#.#+####
.......####.##.#......#
.......####+##+#.....[#
......................#


You could see an ogre.

Vanquished Creatures
  A phantom (D:4)
  2 jellies
  4 adders
  A shadow imp (D:4)
  2 worms (D:3)
  2 orcs (D:4)
  4 ball pythons
  5 bats
  7 endoplasms
  3 giant cockroaches
  5 goblins
  6 hobgoblins
  5 kobolds
  3 quokkas
  4 frilled lizards
  2 rats
56 creatures vanquished.

Vanquished Creatures (others)
  A hobgoblin (D:3)
  A bat (D:3)
2 creatures vanquished.

Grand Total: 58 creatures vanquished

Notes
Turn   | Place    | Note
-------+----------+-------------------------------------------
     0 | D:1      | Hubjo the Demonspawn Monk began the quest for the Orb.
     0 | D:1      | Reached XP level 1. HP: 18/18 MP: 1/1
   554 | D:1      | Gained mutation: You have a pair of small antennae on your
                  | head. [demonic ancestry]
   554 | D:1      | Reached XP level 2. HP: 24/24 MP: 2/2
  1581 | D:2      | Found a faded altar of an unknown god.
  1602 | D:2      | Prayed at the altar of an unknown god.
  1602 | D:2      | Became a worshipper of Jiyva Jacsihy the Shapeless
  1602 | D:2      | Reached * piety under Jiyva
  1602 | D:2      | Reached ** piety under Jiyva
  1757 | D:2      | Reached *** piety under Jiyva
  1822 | D:2      | Gained mutation: Armour fits poorly on your pseudopods.
                  | [Jiyva's grace]
  1822 | D:2      | Gained mutation: Armour fits poorly on your large
                  | pseudopods. [Jiyva's grace]
  1822 | D:2      | Gained mutation: Armour fits poorly on your massive
                  | pseudopods. [Jiyva's grace]
  1822 | D:2      | Gained mutation: You have a small jelly attached to you
                  | that may absorb projectiles. [Jiyva's grace]
  2056 | D:3      | Gained mutation: You are partially covered in thin metallic
                  | scales. (AC +2) [demonic ancestry]
  2056 | D:3      | Reached XP level 3. HP: 29/29 MP: 4/4
  2058 | D:3      | Reached skill level 1 in Spellcasting
  2128 | D:3      | Found a shadowy altar of Dithmenos.
  2184 | D:3      | Fell from the grace of Jiyva
  2184 | D:3      | Became a worshipper of Dithmenos the Shadowed
  4040 | D:3      | Gained mutation: You are clumsy. (Dex -2) [the
                  | all-consuming vengeance of Jiyva]
  4040 | D:3      | Gained mutation: Your body sometimes deteriorates upon
                  | taking damage. [the all-consuming vengeance of Jiyva]
  4040 | D:3      | Gained mutation: Your body often deteriorates upon taking
                  | damage. [the all-consuming vengeance of Jiyva]
  4040 | D:3      | Lost mutation: You have a small jelly attached to you that
                  | may absorb projectiles. [the all-consuming vengeance of
                  | Jiyva]
  4681 | D:4      | Reached XP level 4. HP: 34/37 MP: 5/5
  4807 | D:4      | Found a staircase to the Ecumenical Temple.
  4857 | D:4      | Lost mutation: Armour fits poorly on your massive
                  | pseudopods. [the all-consuming vengeance of Jiyva]
  4879 | D:4      | Noticed a phantom
  4905 | D:4      | Killed a phantom
  4906 | D:4      | Reached skill level 4 in Fighting
  4906 | D:4      | Gained mutation: You are partially covered in sharp spines.
                  | [demonic ancestry]
  4906 | D:4      | Reached XP level 5. HP: 29/43 MP: 7/7
  5093 | D:4      | Lost mutation: Armour fits poorly on your large pseudopods.
                  | [the all-consuming vengeance of Jiyva]
  5111 | D:4      | Gained mutation: Your flesh is heat resistant. (rF+)
                  | [mutagenic glow]
  5238 | D:4      | Gained mutation: You are weak. (Str -2) [the all-consuming
                  | vengeance of Jiyva]
  5238 | D:4      | Gained mutation: You tend to lose your temper in combat.
                  | [the all-consuming vengeance of Jiyva]
  5238 | D:4      | Gained mutation: You are very clumsy. (Dex -4) [the
                  | all-consuming vengeance of Jiyva]
  5267 | D:4      | Lost mutation: Armour fits poorly on your pseudopods. [the
                  | all-consuming vengeance of Jiyva]
  5308 | Temple   | Entered the Ecumenical Temple
  5647 | D:4      | Noticed an ogre
  5660 | D:4      | HP: 1/43 [ogre/+0 giant club (32)]
  5661 | D:4      | Demolished by an ogre

Illustrated notes

Levels and vault maps discovered:
D:1:      matt_arrival_refuge, layout_loops_corners, serial_glass,
          glass_columns_c, glass_columns_a, glass_columns_c, glass_columns_a,
          glass_columns_a, glass_columns_a, glass_columns_a, glass_columns_c,
          nicolae_figureground_pulse
D:2:      layout_loops_corners, hellmonk_ecumenical_altar_zigzags
D:3:      layout_loops_ring, mainiacjoe_overflow_concentric_impassable,
          grunt_ministairs_1
D:4:      corexii_shack_village, layout_basic, minmay_temple_entry_butterflies
Temple:   jpeg_temple_clearing

Skill      XL: |  1  2  3  4  5 |
---------------+----------------+-----
Stealth        | 2 3 |  3.8
Spellcasting   | 1 2 |  2.1
Fighting       | 4 |  4.5
Short Blades   | |  2.6
Dodging        | |  2.6

Action                   |  1- 3 |  4- 6 || total
-------------------------+-------+-------++-------
Melee: Short sword       |   121 |    72 ||   193
       Pseudopods        |    11 |     7 ||    18
       Punch             |     1 |       ||     1
  Use: Potion            |       |     1 ||     1
 Stab: Sleeping          |     8 |     1 ||     9
Armor: Robe              |    17 |     8 ||    25
Dodge: Dodged            |    55 |    46 ||   101
Block: Other             |    12 |     8 ||    20

Table legend: (Time is in decaauts)
 A = Elapsed time spent in this place.
 B = Non-inter-level travel time spent in this place.
 C = Inter-level travel time spent in this place.
 D = Time resting spent in this place.
 E = Time spent auto-exploring this place.
 F = Levels seen in this place.
 G = Mean time per level.
                   A        B        C        D        E       F      G
               +--------+--------+--------+--------+--------+-----+--------+
         Total |   5670 |   5505 |    165 |   1747 |   2949 |   5 | 1134.0 |
       Dungeon |   5424 |   5387 |     37 |   1747 |   2848 |   4 | 1356.0 |
        Temple |    245 |    117 |    128 |      0 |    101 |   1 |  245.0 |
               +--------+--------+--------+--------+--------+-----+--------+

Top non-repeatable levels by time:
     D:3: 2748 daAuts
     D:1: 1087 daAuts
     D:2: 963 daAuts
     D:4: 626 daAuts
  Temple: 245 daAuts
